AoeStats
← Light Cav OP

Arabia

510215572Analyzed
1v1 RM · 16h ago on Sep 30, 2026· 16m 13s· 2 players
Game mode
Random Map
Map size
Tiny (2 player)
Population
200
Speed
Normal
Resources
Standard
Victory
Conquest
Starting age
Dark Age
Ending age
Imperial Age
RankedLock teamsTeams togetherTeam positionsShared explorationLock speedFull tech treeHidden civsTurbo modeCheats
Victory
Defeat
🇵🇪 Huns · Peru
2044
+20
🇺🇸 Teutons · United States
2135
-20
Light Cav OP
6:40 Loom
8:54 Feudal Age
8:57 Man-at-Arms
12:40 Horse Collar
16:36 Wheelbarrow
[VL] Lil Franco
5:29 Loom
8:29 Feudal Age
8:59 Double-Bit Axe
Connection lost

Rejoining the realm…

Still unreachable

The connection could not be restored.

Session expired

The server has moved on; the page needs a fresh start.